 Dungeon Crawl Stone Soup version 0.24.0-41-g2ae2f7f1be (webtiles) character file.

Game seed: 3657422676183701993, levelgen mode: deterministic

54 Descartes the Scratcher (level 3, -10/15 HPs)
             Began as a Felid Transmuter on Dec 12, 2019.
             Mangled by Crazy Yiuf
             ... wielding a +3 quarterstaff of chaos
              (20 damage)
             ... on level 2 of the Dungeon.
             The game lasted 00:03:57 (2717 turns).

Descartes the Scratcher (Felid Transmuter)          Turns: 2717, Time: 00:04:01

Health: -10/15     AC:  1    Str:  7    XL:     3   Next: 66%
Magic:  6/7        EV: 18    Int: 14    God:
Gold:   124        SH:  0    Dex: 16    Spells: 5/6 levels left
                                        Lives:  0   Deaths: 0

rFire    . . .     SeeInvis +     - Unarmed
rCold    . . .     Gourm    .   (shield unavailable)
rNeg     . . .     Faith    .   (armour unavailable)
rPois    .         Spirit   .   (helmet unavailable)
rElec    .         Reflect  .   (cloak unavailable)
rCorr    .         Harm     .   (gloves unavailable)
MR       .....                  (boots unavailable)
Stlth    +++.......             (no amulet)
HPRegen  0.05/turn              (no ring)
MPRegen  0.10/turn              (no ring)

@: appendage (expiring), quick
A: very small, no armour, no weapons or thrown items, stealth, claws 1, fangs 3,
horns 2, see invisible, carnivore, speed 1, shaggy fur 1, slow metabolism 1,
sharp paws
a: End Transformation


You were on level 2 of the Dungeon.
You were completely stuffed.
You had grown temporary horns.
You visited 1 branch of the dungeon, and saw 2 of its levels.

You collected 124 gold pieces.

Inventory:

Missiles
 a - 29 arrows
 b - 59 stones
Scrolls
 f - 3 scrolls of remove curse {unknown}
 g - 2 scrolls of identify {unknown}
 i - a scroll of noise {unknown}
 j - 2 scrolls of enchant armour {unknown}
 k - a scroll of teleportation {unknown}
 l - a scroll of immolation {unknown}
 m - 2 scrolls of random uselessness {unknown}
 p - a scroll of blinking {unknown}
 q - a scroll of enchant weapon {unknown}
Potions
 d - a potion of ambrosia {unknown}
 e - a potion of mutation {unknown}
 h - 2 potions of curing {unknown}
 n - a potion of cancellation {unknown}
Comestibles
 c - 3 rations


   Skills:
 + Level 1.5 Fighting
 + Level 3.1 Dodging
 * Level 2.4 Stealth
 * Level 3.5 Unarmed Combat
 - Level 2.0 Spellcasting
 + Level 2.6 Transmutations


You had 5 spell levels left.
You knew the following spells:

 Your Spells              Type           Power        Failure   Level  Hunger
a - Beastly Appendage     Tmut           #.....       9%          1    ##.....

Your spell library contained the following spells:

 Spells                   Type           Power        Failure   Level  Hunger
 Sticks to Snakes         Tmut           #.......     12%         2    ###....
 Spider Form              Tmut/Pois      #.........   38%         3    ####...
 Ice Form                 Ice/Tmut       #.......     80%         4    #####..
 Blade Hands              Tmut           #.........   92%         5    ######.


Dungeon Overview and Level Annotations

Branches:
Dungeon (2/15)

Altars:

Annotations:
D:2 Crazy Yiuf


Innate Abilities, Weirdness & Mutations

You cannot wear armour.
You are incapable of wielding weapons or throwing items.
Your paws allow you to move quietly. (Stealth)
You have sharp claws.
You have razor-sharp teeth.
You have supernaturally acute eyesight. (SInv)
You are carnivorous and can eat meat at any time.
You cover ground quickly.
You are covered in fur. (AC +1)
You have a slow metabolism.
Your sharp claws are effective at attacking unaware monsters.
You have a pair of horns on your head.


Message History

You scratch Crazy Yiuf.
Crazy Yiuf is moderately wounded.
Your transformation is almost over.
Crazy Yiuf grits, "Line!
Iron sanguine alas."
Crazy Yiuf completely misses you.
You scratch Crazy Yiuf. Your headbutt misses Crazy Yiuf.
Crazy Yiuf is heavily wounded.
Crazy Yiuf misses you.
You scratch Crazy Yiuf.
Crazy Yiuf is heavily wounded.
Crazy Yiuf barely misses you.
You scratch Crazy Yiuf but do no damage.
Crazy Yiuf is heavily wounded.
You scratch Crazy Yiuf.
Crazy Yiuf is almost dead.
Crazy Yiuf flaps his cloak.
Crazy Yiuf hits you with a +3 quarterstaff of chaos.
You are electrocuted!!
Ouch! That really hurt!
You die...

#.............#.#####.#.#.
###...............# #.#.#.
#...............#####
#...#. #.###############
#.# #####. #.# #.# ## #.#
#.## #.##### ### #..#
#..#..## ###..)#
#..#######
#......####@g...#
##........
##......#..##...#
#.####### ###...#.### ###
##.# ####### #..# ####


You could see Crazy Yiuf.

Vanquished Creatures
  A worm (D:2)
  A dart slug (D:1)
  A leopard gecko (D:1)
  3 goblins
  6 hobgoblins
  A quokka (D:2)
  6 bats
  A frilled lizard (D:1)
  7 kobolds
  25 rats
52 creatures vanquished.

Notes
Turn   | Place    | Note
-------+----------+-------------------------------------------
     0 | D:1      | Descartes the Felid Transmuter began the quest for the Orb.
     0 | D:1      | Reached XP level 1. HP: 9/9 MP: 4/4
   474 | D:1      | Reached skill level 1 in Stealth
   552 | D:1      | Reached XP level 2. HP: 12/12 MP: 6/6
  1258 | D:1      | Reached XP level 3. HP: 2/15 MP: 7/7
  2153 | D:2      | Found a faded altar of an unknown god.
  2417 | D:2      | Found a runed translucent door.
  2418 | D:2      | Noticed Crazy Yiuf
  2717 | D:2      | Mangled by Crazy Yiuf

Levels and vault maps discovered:
D:1:      nicolae_arrival_memento_mori, layout_basic, serial_corexii_hall,
          corexii_hall_statues_u, corexii_hall_statues_i
D:2:      layout_basic, chequers_ecumenical_altar_grove, minmay_rat_hole,
          uniq_crazy_yiuf_cottage

Skill      XL: |  1  2  3 |
---------------+----------+-----
Stealth        | 1 2 |  2.4
Dodging        | 3 |  3.1
Fighting       | |  1.5
Unarmed Combat | |  3.5
Spellcasting   | |  2.0
Transmutations | |  2.6

Action                   || total
-------------------------++-------
Melee: Unarmed           ||   122
       Bite              ||    14
       Headbutt          ||     9
       Punch             ||     1
 Cast: Beastly Appendage ||    15
 Stab: Sleeping          ||     5
  Eat: Chunk             ||    11
Armor: Skin              ||    12
Dodge: Dodged            ||   101
